 Dungeon Crawl Stone Soup version 0.19.4-9-g45fd643 (webtiles) character file.

146 graki42 the Chopper (level 5, -8/45 HPs)
             Began as a Hill Orc Gladiator on Feb 15, 2017.
             Mangled by Sigmund
             ... wielding a +0 scythe
              (9 damage)
             ... on level 2 of the Dungeon.
             The game lasted 00:05:31 (2200 turns).

graki42 the Chopper (Hill Orc Gladiator)            Turns: 2200, Time: 00:05:32

Health: -8/45      AC:  7    Str: 17 (19) XL:     5   Next: 28%
Magic:  5/5        EV: 16    Int:  7 (8)  God:
Gold:   97         SH:  0    Dex: 13 (16) Spells: 0 memorised, 4 levels left

rFire  . . .     SeeInvis .     q - +0 hand axe
rCold  . . .     Gourm    .     t - +0 scale mail
rNeg   . . .     Faith    .     (no shield)
rPois  .         Spirit   .     c - +0 helmet
rElec  .         Reflect  .     (no cloak)
rCorr  .         Harm     .     (no gloves)
MR     .....     Clarity  +     (no boots)
Stlth  +.........               (no amulet)
                                (no ring)
                                (no ring)

@: agile, flying
A: talons 1, blink, clarity
a: Blink


You were on level 2 of the Dungeon.
You were not hungry.

You visited 1 branch of the dungeon, and saw 2 of its levels.

You collected 97 gold pieces.

Inventory:

Hand Weapons
 a - a +0 war axe
 q - a +0 hand axe (weapon)
Missiles
 d - 3 throwing nets (quivered)
Armour
 c - a +0 helmet (worn)
 t - a +0 scale mail (worn)
Jewellery
 k - an uncursed ring of fire
Scrolls
 e - a scroll of random uselessness {unknown}
 i - 5 scrolls of identify {unknown}
 j - 2 scrolls of fog {unknown}
 m - a scroll of teleportation {unknown}
 n - a scroll of enchant armour {unknown}
Comestibles
 b - 3 chunks of flesh
 f - 2 bread rations
 h - a meat ration
 o - 3 fruits
 s - a beef jerky


   Skills:
 + Level 3.4 Fighting
 + Level 5.3 Axes
 + Level 2.0 Throwing
 + Level 2.3 Armour
 + Level 3.1 Dodging
 + Level 0.1 Stealth


You had 4 spell levels left.
You didn't know any spells.

Dungeon Overview and Level Annotations

Branches:
Dungeon (2/15)

Altars:

Annotations:
D:2 1 runed door, Sigmund


Innate Abilities, Weirdness & Mutations

You have sharp toenails.
You can translocate small distances at will.
You possess an exceptional clarity of mind.


Message History

You barely miss something. Something barely misses you.
You miss something.
Okay, then.
You miss something.
You hear some strange, mumbled words.
Something tries to affect you, but you resist.
You hit something. Something hits you.
* * * LOW HITPOINT WARNING * * *
It was a potion of degeneration.
There was something very wrong with that liquid.
You feel weakened.
You feel dopey.
You feel clumsy. Something hits you but does no damage.
It was a potion of mutation.
You feel extremely strange.
Your thoughts seem clearer.
Your toenails lengthen and sharpen.
You feel jittery.
It was a potion of flight.
You feel very buoyant.
You fly up into the air.
Something closely misses you.
You closely miss something. Your kick misses something. Something hits you!
You die...

#............#
####.##########.#
.....# #.# ######
#.# ### ### ##.##
♣♣♣♣♣### #.#.####
♣♣♣.♣..#.##
.###...#
♣{@♣.)....## ##
##.##
+.♣♣♣♣))....#
.###.### #
♣♣.#...# ..#....#
♣♣##..# .#.#.#.#
#.## .....#.# #.#
#.####.# #######
####.#
#.####.###.#.#.#
#.#.##
#..............#
#.##


There were no monsters in sight!

Vanquished Creatures
  Terence (D:2)
  Robin (D:2)
  3 adders (D:2)
  3 oozes (D:1)
  A dart slug (D:1)
  3 leopard geckos (D:1)
  4 bats
  16 goblins
  13 hobgoblins
  3 jackals (D:2)
  A quokka (D:2)
  A ball python (D:2)
  3 frilled lizards
  2 kobolds (D:1)
  4 rats
59 creatures vanquished.

Notes
Turn   | Place    | Note
-------+----------+-------------------------------------------
     0 | D:1      | graki42 the Hill Orc Gladiator began the quest for the Orb.
     0 | D:1      | Reached XP level 1. HP: 18/18 MP: 1/1
   106 | D:1      | Reached XP level 2. HP: 25/25 MP: 2/2
   182 | D:1      | Reached XP level 3. HP: 27/30 MP: 3/3
   945 | D:2      | Reached skill level 5 in Axes
   945 | D:2      | Reached XP level 4. HP: 36/37 MP: 4/4
   953 | D:2      | Noticed Robin
   956 | D:2      | Reached skill level 1 in Armour
  1308 | D:2      | Killed Robin
  1718 | D:2      | Noticed Terence
  1761 | D:2      | Killed Terence
  1761 | D:2      | Reached XP level 5. HP: 6/45 MP: 5/5
  2178 | D:2      | Found a runed door.
  2178 | D:2      | Noticed Sigmund
  2196 | D:2      | HP: 1/45 [something (4)]
  2198 | D:2      | Gained mutation: You possess an exceptional clarity of mind. [potion of mutation]
  2198 | D:2      | Gained mutation: You have sharp toenails. [potion of mutation]
  2198 | D:2      | Gained mutation: You can translocate small distances at will. [potion of mutation]
  2200 | D:2      | Mangled by Sigmund

Skill      XL: |  1  2  3  4 |
---------------+-------------+-----
Throwing       | 2 |  2.0
Axes           | 5 |  5.3
Dodging        | 3 |  3.1
Armour         | 2 |  2.3
Fighting       | 3 |  3.4
Stealth        | |  0.1

Action                   |  1- 3 |  4- 6 || total
-------------------------+-------+-------++-------
Melee: War axe           |    74 |       ||    74
       Hand axe          |     9 |   124 ||   133
  Use: Potion            |       |     6 ||     6
 Stab: Sleeping          |     1 |       ||     1
  Eat: Chunk             |       |     4 ||     4
Armor: Leather armour    |    16 |    25 ||    41
       Scale mail        |       |    16 ||    16
Dodge: Dodged            |    70 |    77 ||   147
